 Dungeon Crawl Stone Soup version 0.30-a0-630-g881e3bac89 (console) character file.

Game seed: 5864234671966702421

4542 Ignak the Trooper (level 10, -4/104 HPs)
             Began as an Ogre Warper on Jan 13, 2023.
             Was a Follower of Okawaru.
             Slain by a kobold brigand
             ... wielding a +0 short sword
              (7 damage)
             ... while paralysed by a centaur
             ... on level 8 of the Dungeon.
             The game lasted 00:18:47 (6150 turns).

Ignak the Trooper (Ogre Warper)                     Turns: 6150, Time: 00:18:48

Health: -4/104     AC:  4    Str: 21    XL:     10   Next: 40%
Magic:  9/19       EV:  1    Int: 14    God:    Okawaru [*.....]
Gold:   279        SH:  0    Dex:  8    Spells: 10/22 levels left

rFire   . . .      SeeInvis +    B - +16 obsidian axe {drain, Mesm Drain Fly SInv}
rCold   . . .      Faith    .    (no shield)
rNeg    . . .      Spirit   .    b - +1 robe
rPois   +          Reflect  .    (helmet restricted)
rElec   .          Harm     .    (no cloak)
rCorr   .          Rampage  .    (gloves unavailable)
Will    +....                    (boots unavailable)
Stlth   +                        n - amulet of regeneration
HPRegen 1.17/turn                v - ring of see invisible
MPRegen 0.16/turn                l - ring of poison resistance

@: paralysed, flying, mesmerised, very slightly contaminated
A: large, unfitting armour, tough skin 1
a: Renounce Religion, Heroism


You were on level 8 of the Dungeon.
You worshipped Okawaru.
Okawaru was aware of your devotion.
You visited 2 branches of the dungeon, and saw 9 of its levels.

You collected 461 gold pieces.
You spent 182 gold pieces at shops.

Inventory:

Hand Weapons
 d - a +0 giant spiked club
 h - a +2 mace of protection
 x - a +0 giant club
 B - the +16 obsidian axe (weapon) {drain, Mesm Drain Fly SInv}
   (You found it on level 8 of the Dungeon)

   It occasionally summons demons to assist the wielder when it strikes in
   combat.
   Its wielder is mesmerised by any visible foes.
   It cannot be unequipped while any foes are visible.
   SInv:      It lets you see invisible.
   Fly:       It grants you flight.
   Drain:     It drains your maximum health when unequipped.
Missiles
 k - 14 poisoned darts (quivered)
 r - 5 boomerangs
 C - a throwing net
Armour
 b - a +1 robe (worn)
Jewellery
 l - a ring of poison resistance (right hand)
 m - a ring of protection from fire
 n - an amulet of regeneration (around neck)
 v - a ring of see invisible (left hand)
Wands
 j - a wand of flame (15)
Scrolls
 c - 2 scrolls of blinking
 g - a scroll of amnesia
 i - 2 scrolls of enchant weapon
 o - 4 scrolls of teleportation
 q - a scroll of noise
 s - a scroll of fog
 y - a scroll of fear {unknown}
Potions
 a - 5 potions of lignification
 e - a potion of invisibility
 f - 2 potions of heal wounds
 p - 2 potions of flight
 t - 2 potions of mutation
 u - a potion of resistance
 w - 3 potions of haste
 z - a potion of ambrosia {unknown}
 A - a potion of curing


   Skills:
 + Level 7.6 Fighting
 * Level 2.7(5.4) Axes
 - Level 6.7(6.9) Maces & Flails
 - Level 1.0 Throwing
 - Level 4.0 Armour
 + Level 5.3 Dodging
 + Level 6.5 Spellcasting
 - Level 2.0 Conjurations
 + Level 5.6 Translocations
 - Level 2.0 Air Magic
 - Level 2.0 Poison Magic


You had 10 spell levels left.
You knew the following spells:

 Your Spells              Type           Power      Damage    Failure   Level
a - Teleport Other        Tloc           20%        N/A       4%          3
b - Blink                 Tloc           40%        N/A       2%          2
d - Mephitic Cloud        Conj/Pois/Air  10%        N/A       21%         3
z - Manifold Assault      Tloc           20%        N/A       16%         4

Your spell library contained the following spells:

 Spells                   Type           Power      Damage    Failure   Level
 Apportation              Tloc           40%        N/A       1%          1
 Lesser Beckoning         Tloc           40%        N/A       4%          3
 Kiss of Death            Conj/Necr      28%        2d7       10%         1
 Poisonous Vapours        Pois/Air       20%        N/A       10%         2
 Vhi's Electric Charge    Tloc/Air       30%        N/A       10%         3
 Cigotuvi's Dreadful Rot  Necr/Pois/Air  16%        N/A       13%         2
 Portal Projectile        Hex/Tloc       24%        N/A       14%         3
 Freeze                   Ice            16%        1d4       16%         1
 Necrotise                Necr           16%        1d4       16%         1
 Hailstorm                Conj/Ice       7%         3d4       30%         3
 Confusing Touch          Hex            4%         N/A       41%         3
 Frozen Ramparts          Ice            8%         1d2       41%         3
 Dispel Undead            Necr           4%         3d7       83%         4
 Leda's Liquefaction      Hex/Erth       2%         N/A       83%         4
 Summon Small Mammal      Summ           Unusable   N/A       N/A         1
 Call Canine Familiar     Summ           Unusable   N/A       N/A         3
 Summon Guardian Golem    Hex/Summ       Unusable   N/A       N/A         3

Dungeon Overview and Level Annotations

Branches:
Dungeon (8/15)             Temple (1/1) D:5            Lair (0/5) D:8

Altars:
Ashenzari
Cheibriados
Dithmenos
Elyvilon
Fedhas
Gozag
Kikubaaqudgha
Makhleb
Okawaru
Qazlal
Ru
Trog
Uskayaw
Wu Jian
Xom
Zin
The Shining One

Shops:
D:5 [(!:

Annotations:
D:4 1 runed translucent door, chipmonk's ghost, novice HOFi


Innate Abilities, Weirdness & Mutations

You are too large for most types of armour.
You have tough skin. (AC +1)


Message History

The centaur closely misses you. The centaur kicks you.
The kobold brigand throws a poisoned dart.
The poisoned dart closely misses you.
The orc wizard barely misses the centaur.
The centaur hits you.
* * * LOW HITPOINT WARNING * * *
The centaur barely misses you.
Your magical contamination has completely faded away.
You slash the centaur!
You are no longer entranced.
You kill the centaur!
Okawaru accepts your kill.
Visions of slaying the orc wizard flood into your mind.
The centaur wields a +0 shortbow.
The centaur shoots an arrow.
The arrow hits you!
* * * LOW HITPOINT WARNING * * *
The kobold brigand throws a poisoned dart.
The poisoned dart closely misses you.
You cannot move away from the orc wizard!
Casting: Mephitic Cloud (dangerous; 21% risk of failure)
Confirm with . or Enter, or press ? or * to list all spells.
Aiming: Mephitic Cloud (dangerous; 21% risk of failure)
Press: ? - help, Shift-Dir - straight line The ball explodes into a vile cloud!
The stinking cloud engulfs the centaur but does no damage.
Visions of slaying the kobold brigand flood into your mind.
You hear a bellow!
You hear a loud, deep croak!
The centaur shoots an arrow.
The arrow hits you!
* * * LOW HITPOINT WARNING * * *
Casting: Mephitic Cloud (dangerous; 21% risk of failure)
Confirm with . or Enter, or press ? or * to list all spells.
Aiming: Mephitic Cloud (dangerous; 21% risk of failure)
Press: ? - help, Shift-Dir - straight line You miscast Mephitic Cloud.
You are very lightly contaminated with residual magic.
Nothing appears to happen.
The centaur shoots an arrow.
The arrow hits you!
* * * LOW HITPOINT WARNING * * *
The centaur zaps a wand.
You suddenly lose the ability to move!
The kobold brigand hits you with a +0 short sword!
You die...

#..#.. .###.. #.
#.##.. #.#...# # #.#
#..#.) #.#...#. #.#
## #..... #...#.###.#
#=# ##..)# #c....#.#
#.# ##... ○☼○..o# #.#
#... #☼K)# #.# ##
#### ##@###.# #.#
.#...#.# #.# #####
.#.#.#.###.# #....
.#.#...#)#.# ## #.###
#.#.#.###.###(# #.#
#.#.#.#.#.#.#.#####.#
#!###.#.#.###[#
#....# .#
#.#.#.#.#.#.##.####
#J# #.#.#.###.#.#


You could see a kobold brigand (mesmerising), a centaur and an orc wizard
(confused).

Vanquished Creatures
  Grinder (D:5)
  6 yaks (D:7)
  3 steam dragons
  Menkaure (D:6)
  3 water moccasins
  2 orc warriors
  2 sky beasts
  An ice beast (D:7)
  3 centaurs
  3 ogres
  5 bullfrogs
  4 gnoll sergeants
  A scorpion (D:6)
  4 wights
  A howler monkey (D:8)
  6 hounds
  3 jellies
  3 orc priests
  3 gnoll boudas (D:8)
  An iguana (D:4)
  8 orc wizards
  13 gnolls
  4 adders
  A shadow imp (D:6)
  2 white imps (D:5)
  2 ufetubi (D:5)
  3 worms
  14 orcs
  6 bats
  9 endoplasms
  4 giant cockroaches
  2 goblins
  4 hobgoblins
  2 quokkas
  9 ball pythons
  4 frilled lizards
  3 kobolds
  7 rats
153 creatures vanquished.

Vanquished Creatures (others)
  A shadow imp (D:5)
  3 demonic plants (D:6)
  A plant (D:3)
5 creatures vanquished.

Grand Total: 158 creatures vanquished

Notes
Turn   | Place    | Note
-------+----------+-------------------------------------------
     0 | D:1      | Ignak the Ogre Warper began the quest for the Orb.
     0 | D:1      | Reached XP level 1. HP: 22/22 MP: 3/3
   308 | D:1      | Reached XP level 2. HP: 29/29 MP: 3/5
   977 | D:2      | Reached XP level 3. HP: 36/36 MP: 7/7
  1112 | D:2      | Reached skill level 3 in Fighting
  1116 | D:2      | Learned a level 2 spell: Blink
  1120 | D:2      | Learned a level 3 spell: Teleport Other
  1568 | D:3      | Reached XP level 4. HP: 45/45 MP: 8/8
  1797 | D:3      | Found a broken altar of Ashenzari.
  1973 | D:3      | Found a snail-covered altar of Cheibriados.
  1982 | D:3      | Found a shimmering altar of Xom.
  2055 | D:4      | Found a glowing drain.
  2082 | D:4      | You fall into a shaft and drop 2 floors!
  2097 | D:6      | Noticed Grinder
  2108 | D:6      | Found a glowing silver altar of Zin.
  2140 | D:6      | Noticed a water moccasin
  2146 | D:6      | Noticed a scorpion
  2156 | D:5      | Entered Level 5 of the Dungeon
  2156 | D:5      | Noticed an ogre
  2223 | D:4      | Noticed chipmonk's ghost (novice HOFi)
  2227 | D:4      | Found a runed translucent door.
  2264 | D:4      | Reached XP level 5. HP: 53/53 MP: 9/9
  2300 | D:4      | Reached skill level 1 in Armour
  2360 | D:4      | Learned a level 3 spell: Mephitic Cloud
  2740 | D:5      | Found a staircase to the Ecumenical Temple.
  2765 | Temple   | Entered the Ecumenical Temple
  2894 | D:5      | Found Hiutyuca's Distillery.
  2901 | D:5      | Bought a potion of invisibility for 112 gold pieces
  2901 | D:5      | Bought a potion of heal wounds for 70 gold pieces
  2952 | D:5      | Noticed a centaur
  2964 | D:5      | Killed a centaur
  2965 | D:5      | Reached skill level 1 in Conjurations
  2965 | D:5      | Reached skill level 1 in Air Magic
  2965 | D:5      | Reached skill level 1 in Poison Magic
  2965 | D:5      | Reached XP level 6. HP: 58/61 MP: 10/10
  2966 | D:5      | Found a sacrificial altar of Ru.
  3077 | D:5      | Noticed a +0 dagger
  3078 | D:5      | Noticed a +0 hand axe
  3080 | D:5      | Found a hide-covered altar of Uskayaw.
  3173 | D:5      | Reached XP level 7. HP: 62/68 MP: 7/12
  3244 | D:5      | Found Wyun's Antique Weapon Shop.
  3263 | D:5      | Found Etegou Erghan's Antique Armour Shoppe.
  3534 | D:5      | Found Caeghud's Book Shoppe.
  3631 | D:5      | Reached skill level 4 in Fighting
  3717 | D:6      | Noticed a steam dragon
  3747 | D:5      | Killed a steam dragon
  3973 | D:6      | Reached XP level 8. HP: 73/79 MP: 13/13
  4091 | D:6      | Paralysed by Grinder for 2 turns
  4098 | D:5      | Paralysed by Grinder for 5 turns
  4113 | D:5      | Paralysed by Grinder for 3 turns
  4133 | D:5      | Killed Grinder
  4134 | D:5      | Reached skill level 5 in Fighting
  4392 | D:6      | Noticed Menkaure
  4463 | D:6      | Killed Menkaure
  4464 | D:6      | Reached skill level 5 in Maces & Flails
  4849 | D:6      | Reached XP level 9. HP: 59/89 MP: 13/16
  4880 | D:6      | Reached skill level 5 in Spellcasting
  4906 | D:7      | Reached skill level 6 in Fighting
  5124 | D:7      | Reached skill level 5 in Translocations
  5155 | D:7      | Learned a level 4 spell: Manifold Assault
  5382 | D:7      | Reached skill level 7 in Fighting
  5388 | D:7      | Reached XP level 10. HP: 37/97 MP: 18/18
  5934 | D:8      | Found a staircase to the Lair.
  5935 | D:8      | Found the +16 obsidian axe {drain, Mesm Drain Fly SInv}
  5937 | D:8      | Found an iron altar of Okawaru.
  5945 | D:8      | Became a worshipper of Warmaster Okawaru
  6015 | D:8      | Found a blossoming altar of Fedhas.
  6092 | D:8      | Reached skill level 5 in Dodging
  6097 | D:8      | Reached skill level 1 in Axes
  6145 | D:8      | Reached * piety under Okawaru
  6150 | D:8      | HP: 3/104 [centaur/arrow (11)]
  6150 | D:8      | Paralysed by a centaur for 5 turns
  6150 | D:8      | Slain by a kobold brigand

Illustrated notes

Levels and vault maps discovered:
D:1:      dreamdust_arrival_beginning_and_end, layout_basic
D:2:      layout_loops_cross
D:3:      layout_rooms, mainiacjoe_overflow_alcove_4, mainiacjoe_overflow_swirl
D:4:      layout_loops_ring, portal_sewer_entry_a,
          hellmonk_ghost_happy_afterlife
D:5:      layout_loops_ring, dancing_weapons_uskayaw,
          nicolae_ru_sacrificial_ziggurat, minmay_temple_entry_junction,
          serial_shops, nicolae_shop_crystal, nicolae_shop_trees,
          kennysheep_mini_moat, nicolae_square_shop, minmay_between
D:6:      layout_loops_ring, zin_academy, serial_demonic, serial_demonic_d,
          serial_demonic_g, serial_demonic_b, serial_demonic_d, uniq_menkaure,
          uniq_grinder
D:7:      layout_cave_pools
D:8:      minmay_imperfect_grid, layout_basic, okawaru_ov_weapons_minmay,
          nicolae_hepliaklqana_hippocampus, fedhas_altar_3
Temple:   hellmonk_temple_beads

Skill      XL: |  1  2  3  4  5  6  7  8  9 10 |
---------------+-------------------------------+-----
Maces & Flails | 2 3 4 5 6 |  6.7
Fighting       | 3 4 5 7 |  7.6
Translocations | 3 4 5 |  5.6
Spellcasting   | 3 4 5 6 |  6.5
Armour         | 1 2 3 4 |  4.0
Conjurations   | 1 2 |  2.0
Air Magic      | 1 2 |  2.0
Poison Magic   | 1 2 |  2.0
Dodging        | 3 4 5 |  5.3
Axes           | 2 |  2.7
Throwing       | |  1.0

Action                   |  1- 3 |  4- 6 |  7- 9 | 10-12 || total
-------------------------+-------+-------+-------+-------++-------
Melee: Mace              |   116 |   157 |   279 |    34 ||   586
       Punch             |     1 |     2 |     1 |       ||     4
       Broad axe         |       |       |       |    41 ||    41
Throw: Dart              |       |       |     6 |       ||     6
 Cast: Blink             |       |     2 |     4 |     1 ||     7
       Teleport Other    |       |     1 |     1 |       ||     2
       Mephitic Cloud    |       |     1 |    16 |     5 ||    22
       Manifold Assault  |       |       |     3 |       ||     3
Evoke: Wand              |       |       |     3 |       ||     3
  Use: Scroll            |       |     7 |     5 |       ||    12
       Potion            |       |     7 |     3 |       ||    10
 Stab: Confused          |       |       |     7 |       ||     7
       Sleeping          |       |       |       |     1 ||     1
Armor: Robe              |    48 |   104 |   131 |    43 ||   326
Dodge: Dodged            |    63 |   128 |   173 |    54 ||   418

Table legend: (Time is in decaauts)
 A = Elapsed time spent in this place.
 B = Non-inter-level travel time spent in this place.
 C = Inter-level travel time spent in this place.
 D = Time resting spent in this place.
 E = Time spent auto-exploring this place.
 F = Levels seen in this place.
 G = Mean time per level.
                   A        B        C        D        E       F      G
               +--------+--------+--------+--------+--------+-----+--------+
         Total |   6271 |   6075 |    196 |    301 |   3434 |   9 |  696.8 |
       Dungeon |   6162 |   5966 |    196 |    301 |   3376 |   8 |  770.2 |
        Temple |    108 |    108 |      0 |      0 |     58 |   1 |  108.0 |
               +--------+--------+--------+--------+--------+-----+--------+

Top non-repeatable levels by time:
     D:5: 1184 daAuts
     D:6: 1129 daAuts
     D:7: 881 daAuts
     D:1: 830 daAuts
     D:2: 710 daAuts
     D:4: 646 daAuts
     D:3: 519 daAuts
     D:8: 259 daAuts
  Temple: 108 daAuts
